[Event "Early-Titled-Tuesday-Blitz-August-29-2023"]
[Site "Chess.com"]
[Date "2023.08.29"]
[Round "6"]
[White "wqws"]
[Black "Reader777"]
[Result "1-0"]
[WhiteElo "2675"]
[BlackElo "2869"]
[TimeControl "180+1"]
[EndTime "9:04:54 PDT"]
[Termination "wqws won by resignation"]

1. e4 c5 2. Nf3 d6 3. d4 cxd4 4.
Nxd4 Nf6 5. Nc3 a6 6. Bg5 Nbd7 7. Bc4 Qb6 8. Bb3 e6 9. Qd2 Be7 10. O-O-O Nc5 11. Rhe1 Qc7 12. f4 h6 13. Bh4 Nfxe4 14.
Nxe4 Nxe4 15. Rxe4 Bxh4 16. Nf5 Be7 17. Nxg7+ Kf8 18.
Nxe6+ fxe6 19. Bxe6 Bxe6 20. Rxe6 Re8 21. Rde1 Qc4 22.
Kb1 Rh7 23. f5 Rc8 24. f6 Bd8 25. Qxd6+ Kf7 26. Qd7+ Kg6 27. Qe8+ Rf7 28. Qg8+ Kf5 29. g4+ Kf4 30. R6e4+ Qxe4 31. Rxe4+ Kxe4 32. Qxf7 1-0

[Event "Early-Titled-Tuesday-Blitz-August-29-2023"]
[Site "Chess.com"]
[Date "2023.08.29"]
[Round "6"]
[White "Sunny_Star"]
[Black "wild3000"]
[Result "0-1"]
[WhiteElo "2082"]
[BlackElo "2344"]
[TimeControl "180+1"]
[EndTime "9:04:54 PDT"]
[Termination "wild3000 won on time"]

1. f4 a6 2. Nf3 d5 3. g3 h5 4. Bg2 e6 5. d3 Be7 6. Nbd2 h4 7. O-O hxg3 8. hxg3 Nf6 9. e3 c5 10.
c3 Nc6 11. b3 b5 12. Bb2 Bb7 13. c4 dxc4 14. dxc4 b4 15. Qe2 Qc7 16. Rfd1 O-O-O 17. Ne5 Bd6 18. Nxc6 Bxc6 19. e4 e5 20. f5 Be7 21. a3 a5 22. axb4 cxb4 23. Nf3 Bc5+ 24. Kf1 Ng4 25. Bc1 Rxd1+ 26. Qxd1 Bxe4 0-1

[Event "Early-Titled-Tuesday-Blitz-August-29-2023"]
[Site "Chess.com"]
[Date "2023.08.29"]
[Round "6"]
[White "YairParkhov"]
[Black "djano"]
[Result "1-0"]
[WhiteElo "2681"]
[BlackElo "2522"]
[TimeControl "180+1"]
[EndTime "9:04:57 PDT"]
[Termination "YairParkhov won by checkmate"]

1. e4 c5 2. Nf3 Nc6 3. d4 cxd4 4. Nxd4 g6 5. c4 Bg7 6. Be3 Qb6 7. Nb3 Qd8 8. Nc3 Bxc3+ 9. bxc3 Nf6 10. f3 d6 11.
c5 d5 12. Bb5 O-O 13. Bxc6 bxc6 14. e5 Nd7 15. Bd4 Ba6 16. f4 e6 17. Qg4 Rb8 18. h4 h5 19. Qg5 Bc4 20. Qh6 a5 21. Nd2 Bd3 22. Nf3 f6 23. g4 Rb2 24. gxh5 Re2+ 25. Kd1 Rg2 26. Ng5 fxg5 27. hxg6 Qe7 28. hxg5 Qg7 29. Qh3 Be4 30. Qxe6+ Rf7 31. gxf7+ Qxf7 32. Rh8+ Kg7 33. Qh6# 1-0

[Event "Early-Titled-Tuesday-Blitz-August-29-2023"]
[Site "Chess.com"]
[Date "2023.08.29"]
[Round "6"]
[White "Hope_6"]
[Black "colegiodemadrid"]
[Result "0-1"]
[WhiteElo "2703"]
[BlackElo "2440"]
[TimeControl "180+1"]
[EndTime "9:04:58 PDT"]
[Termination "colegiodemadrid won by resignation"]

1. d4 Nf6 2. c4 g6 3. Nc3 Bg7 4. e4 d6 5. f3 O-O 6. Be3 Nc6 7. Nge2 a6 8. Rc1 Na5 9. b3 Nd7 10. Qd2 Rb8 11. Ng3 h5 12. Bd3 Nc6 13. Nge2 e5 14. d5 Nd4 15. O-O Nc5 16. Bb1 a5 17. Nxd4 exd4 18. Bxd4 Bxd4+ 19. Qxd4 Bd7 20. e5 Qg5 21. f4 Qg4 22. h3 Qh4 23. Rf3 b6 24.
Rcf1 Rbe8 25. e6 fxe6 26. Bxg6 e5 27. Qd2 e4 28. Bxe8 exf3 29. Bxd7 Nxd7 30. Rxf3 Nc5 31. Qf2 Qf6 32. Re3 Kh8 33. Qe2 Qxf4 34. Qxh5+ Kg8 35. Rf3 Qc1+ 36. Kh2 Rxf3 37. Qxf3 Qc2 38. h4 Kg7 39. h5 Kh6 40. Kh3 Kg5 41. g4 Kh6 42. Ne2 Ne4 43.
Ng3 Ng5+ 0-1

[Event "Early-Titled-Tuesday-Blitz-August-29-2023"]
[Site "Chess.com"]
[Date "2023.08.29"]
[Round "6"]
[White "Speshka"]
[Black "Juicy_Fork"]
[Result "0-1"]
[WhiteElo "2549"]
[BlackElo "2413"]
[TimeControl "180+1"]
[EndTime "9:04:58 PDT"]
[Termination "Juicy_Fork won by checkmate"]

1. e4 e5 2. Nf3 Nc6 3. Bc4 Nf6 4.
Ng5 d5 5. exd5 Na5 6. Bb5+ c6 7. dxc6 bxc6 8. Bd3 Ng4 9. Nf3 Bc5 10. O-O O-O 11.
h3 f5 12. b4 Bxf2+ 13. Rxf2 Nxf2 14. Kxf2 e4 15. bxa5 exf3 16. Bb2 Qh4+ 17. g3 Qxh3 18. Qxf3 f4 19. g4 Qh4+ 20. Kg1 Bxg4 21. Qf2 Qg5 22. Nc3 Rae8 23. Kh2 Qh5+ 24. Kg1 Bf3 25. Be2 Qh1# 0-1

[Event "Early-Titled-Tuesday-Blitz-August-29-2023"]
[Site "Chess.com"]
[Date "2023.08.29"]
[Round "6"]
[White "Mr_November18"]
[Black "ElenaPershina"]
[Result "1-0"]
[WhiteElo "1910"]
[BlackElo "2372"]
[TimeControl "180+1"]
[EndTime "9:04:58 PDT"]
[Termination "Mr_November18 won on time"]

1. e4 c5 2. d4 cxd4 3. c3 Nf6 4.
e5 Nd5 5. Nf3 Nc6 6. Bc4 Nb6 7.
Bb3 d6 8. exd6 Qxd6 9. O-O Be6 10. Bxe6 Qxe6 11. Nxd4 Nxd4 12. Qxd4 Rd8 13. Qh4 Qc4 14. Qg3 e6 15. Nd2 Qd3 16. Qc7 Bd6 17. Qxb7 O-O 18. Qxa7 Nd5 19. Nf3 Qc2 20. Nd4 Qg6 21. Nf3 Qc2 22.
Qd4 Nf6 23. Qh4 Rd7 24. Bg5 Ne4 25. Rac1 1-0

[Event "Early-Titled-Tuesday-Blitz-August-29-2023"]
[Site "Chess.com"]
[Date "2023.08.29"]
[Round "6"]
[White "Ajedrecista3000"]
[Black "BlueWizzard"]
[Result "0-1"]
[WhiteElo "2704"]
[BlackElo "2904"]
[TimeControl "180+1"]
[EndTime "9:04:59 PDT"]
[Termination "BlueWizzard won by resignation"]

1. c4 Nc6 2. Nc3 g6 3. d4 Bg7 4. Nf3 d6 5. h3 e5 6. dxe5 Nxe5 7.
Nxe5 dxe5 8. Qxd8+ Kxd8 9. g3 Be6 10. b3 e4 11. Bb2 f5 12. O-O-O+ Kc8 13. g4 Ne7 14. f3 e3 15. Kc2 a5 16. Nd5 Nxd5 17. Bxg7 Nb4+ 18. Kb2 Re8 19. Bh6 a4 20. Bxe3 axb3 21.
axb3 b6 22. Bd2 Rd8 23. Kc1 Ra1+ 0-1

[Event "Early-Titled-Tuesday-Blitz-August-29-2023"]
[Site "Chess.com"]
[Date "2023.08.29"]
[Round "6"]
[White "Quattroporte300"]
[Black "Daniel_Salinas"]
[Result "0-1"]
[WhiteElo "2429"]
[BlackElo "2316"]
[TimeControl "180+1"]
[EndTime "9:05:01 PDT"]
[Termination "Daniel_Salinas won by resignation"]

1. e4 c6 2. d4 d5 3. Nc3 dxe4 4. Nxe4 Nf6 5. Nxf6+ exf6 6. c3 Bd6 7. Bd3 O-O 8. Qc2 Re8+ 9. Ne2 h5 10. Be3 Be6 11. O-O-O Nd7 12. Kb1 b5 13. h3 h4 14. Rhe1 Nb6 15. Nf4 Bxf4 16. Bxf4 Qd5 17. b3 a5 18. Be4 Qd7 19. g3 hxg3 20. Bxg3 a4 21. d5 cxd5 22.
Bh7+ Kf8 23. Rd4 axb3 24. axb3 Ra3 25. Kc1 Rea8 26. Re2 Ra1+ 27. Kd2 R1a2 28. f3 Rxc2+ 29. Bxc2 Ra2 30. Bf2 Bf5 31. Kd1 Bxc2+ 32. Rxc2 Rxc2 33. Kxc2 Qf5+ 34. Rd3 Nc4 35. bxc4 dxc4 0-1

[Event "Early-Titled-Tuesday-Blitz-August-29-2023"]
[Site "Chess.com"]
[Date "2023.08.29"]
[Round "6"]
[White "BatboldNyamsuren0919"]
[Black "ChEsper99"]
[Result "0-1"]
[WhiteElo "2377"]
[BlackElo "2141"]
[TimeControl "180+1"]
[EndTime "9:05:03 PDT"]
[Termination "ChEsper99 won on time"]

1. Nf3 d5 2. g3 g6 3. d4 Bg7 4.
c4 c6 5. Nc3 Nf6 6. cxd5 cxd5 7. Bg2 O-O 8. O-O Nc6 9. Bg5 Bf5 10. Ne5 Rc8 11. Bxf6 Bxf6 12. Nxd5 Bxe5 13. dxe5 Nxe5 14. e4 Be6 15. Qb3 Bxd5 16. exd5 b6 17. Rfd1 Qd6 18. Rac1 Rc7 19. Rxc7 Qxc7 20. f4 Qc5+ 21. Kh1 Ng4 22. Rf1 Nf2+ 23. Rxf2 Qxf2 24. h3 Rc8 25. Qd3 Rc1+ 0-1

[Event "Early-Titled-Tuesday-Blitz-August-29-2023"]
[Site "Chess.com"]
[Date "2023.08.29"]
[Round "6"]
[White "nihalsarin"]
[Black "sergoy"]
[Result "1-0"]
[WhiteElo "3144"]
[BlackElo "2948"]
[TimeControl "180+1"]
[EndTime "9:05:04 PDT"]
[Termination "nihalsarin won by resignation"]

1. Nf3 d5 2. b3 Bg4 3. e3 Nd7 4. Bb2 Ngf6 5. h3 Bh5 6. c4 c6 7. cxd5 cxd5 8. Nc3 e6 9. Be2 a6 10. O-O Bd6 11. Rc1 O-O 12. Nd4 Bg6 13. f4 Nc5 14. f5 exf5 15. Nxf5 Rc8 16. Nxg7 d4 17. exd4 Bb8 18.
Nf5 Qc7 19. Rf3 Bxf5 20. dxc5 Qh2+ 21. Kf2 Ne4+ 22. Nxe4 Bxe4 23. Bd3 Bc6 24. Qc2 Rfd8 25. Bxh7+ Kf8 26. Rxf7+ 1-0

[Event "Early-Titled-Tuesday-Blitz-August-29-2023"]
[Site "Chess.com"]
[Date "2023.08.29"]
[Round "6"]
[White "CarlosjPineror"]
[Black "ChessArchitect64"]
[Result "0-1"]
[WhiteElo "2403"]
[BlackElo "2245"]
[TimeControl "180+1"]
[EndTime "9:05:04 PDT"]
[Termination "ChessArchitect64 won by resignation"]

1. e4 c5 2. Nf3 e6 3. d4 cxd4 4. Nxd4 Nc6 5. Nb5 d6 6. c4 Nf6 7.
N1c3 a6 8. Na3 Be7 9. Be2 O-O 10.
O-O Bd7 11. Be3 Rc8 12. Rc1 Qa5 13. Nc2 Nb4 14. a3 Nxc2 15. Rxc2 b5 16. cxb5 axb5 17.
Qd4 Rc7 18. Rd1 Rfc8 19. Qb6 Qa8 20. Rcd2 Rb7 21. Qd4 Qb8 22. Na2 d5 23. Qxd5 exd5 0-1

[Event "Early-Titled-Tuesday-Blitz-August-29-2023"]
[Site "Chess.com"]
[Date "2023.08.29"]
[Round "6"]
[White "LileKoridze"]
[Black "Brave_spirit12"]
[Result "0-1"]
[WhiteElo "2354"]
[BlackElo "2839"]
[TimeControl "180+1"]
[EndTime "9:05:05 PDT"]
[Termination "Brave_spirit12 won by resignation"]

1. d4 Nf6 2. c4 e6 3. Nf3 c5 4. d5 b5 5. cxb5 exd5 6. Bg5 Bb7 7.
e3 d6 8. Nc3 Nbd7 9. Bd3 Be7 10. O-O O-O 11. Bf5 Nb6 12. a4 h6 13. Bf4 Nc4 14. Qc2 a5 15. Rad1 Re8 16. Bg3 Nb6 17. b3 Bc8 18. Bxc8 Rxc8 19. Bh4 g5 20. Bg3 Bf8 21. h4 g4 22. Ne1 Bg7 23. Nd3 Nh5 24. Bf4 Qf6 25. g3 Qxc3 26. Qe2 c4 27. bxc4 dxc4 28. Nc1 Nxf4 29. gxf4 h5 30. Rxd6 Nxa4 31. b6 Qb4 32. Na2 Qxd6 0-1

[Event "Early-Titled-Tuesday-Blitz-August-29-2023"]
[Site "Chess.com"]
[Date "2023.08.29"]
[Round "6"]
[White "only_strong_moves"]
[Black "MatyChess1"]
[Result "0-1"]
[WhiteElo "2524"]
[BlackElo "2684"]
[TimeControl "180+1"]
[EndTime "9:05:06 PDT"]
[Termination "MatyChess1 won on time"]

1. e4 c6 2. d4 d5 3. e5 Bf5 4.
Nf3 e6 5. Be2 Ne7 6. O-O Nd7 7.
Nbd2 c5 8. c4 a6 9. cxd5 Nxd5 10.
Nc4 cxd4 11. Nxd4 Bg6 12. Bf3 Nc5 13. Ne3 Be7 14. Nxd5 exd5 15. b4 Nd3 16. Qa4+ b5 17.
Qb3 Rc8 18. Bxd5 Nxb4 19. Bb7 Rc4 20. Be3 Qb8 21. Bf3 O-O 22. a3 Nd3 0-1

[Event "Early-Titled-Tuesday-Blitz-August-29-2023"]
[Site "Chess.com"]
[Date "2023.08.29"]
[Round "6"]
[White "Rsnr"]
[Black "hitaman"]
[Result "1-0"]
[WhiteElo "2910"]
[BlackElo "2719"]
[TimeControl "180+1"]
[EndTime "9:05:12 PDT"]
[Termination "Rsnr won by resignation"]

1. d4 Nf6 2. c4 e6 3. Nf3 d5 4. g3 Nc6 5. Bg2 Bd6 6. O-O O-O 7. b3 dxc4 8. bxc4 e5 9. c5 Be7 10. dxe5 Qxd1 11. Rxd1 Ne4 12. Nbd2 Nc3 13. Re1 Bxc5 14.
Nb3 Bb6 15. Bb2 Ne4 16. e3 Be6 17. Nfd4 Nxd4 18. exd4 Bxb3 19. axb3 Nd2 20. Ra3 Rad8 21. Rd1 Bxd4 22. Rxd2 Bxb2 23. Rxb2 Rd1+ 24. Bf1 a6 25. f4 Rfd8 26. Kf2 R8d4 27. Be2 Rh1 28. Kg2 Re1 29. Ra4 Rd8 30. Bf3 c6 31. Rb4 b5 32.
Bxc6 Rc8 1-0

[Event "Early-Titled-Tuesday-Blitz-August-29-2023"]
[Site "Chess.com"]
[Date "2023.08.29"]
[Round "6"]
[White "Mikhail_Bryakin"]
[Black "betta2004"]
[Result "1-0"]
[WhiteElo "2835"]
[BlackElo "2541"]
[TimeControl "180+1"]
[EndTime "9:05:13 PDT"]
[Termination "Mikhail_Bryakin won by resignation"]

1. e4 e5 2. Nf3 Nf6 3. Nxe5 Nxe4 4. Nc3 Qe7 5. Nxe4 Qxe5 6. Qe2 Nc6 7. c3 d5 8. Ng3 Bd6 9. d4 Qxe2+ 10. Bxe2 O-O 11. f4 Ne7 12. O-O Nf5 13. Bd3 Nxg3 14. hxg3 Bg4 15.
Kf2 Rfe8 16. Bd2 Re7 17. Rfe1 Rae8 18. Rxe7 Rxe7 19. a4 c5 20. Be3 c4 21. Bf1 Bd7 22. Be2 f5 23. Bf3 Bc6 24. g4 fxg4 25. Bxg4 g6 26.
g3 Kg7 27. a5 h5 28. Bf3 Rf7 29. Kg2 Kf6 30. g4 hxg4 31. Bxg4 Re7 32. Kf3 Rh7 33.
Kg2 Re7 34. Bd2 Bd7 35. Bf3 Bf5 36. Kf2 Be4 37. Bg4 Bf5 38. Bf3 Be4 39. Rh1 Bxf3 40.
Kxf3 Kf5 41. Rh8 a6 42. Rf8+ Ke6 43. Rg8 Kf7 44. Rd8 Ke6 45. Be1 Bc7 46. Rg8 Kf7 47. Rh8 Bxa5 48. Bh4 Rd7 49. Kg4 Ke6 50. Rg8 Kf7 51.
Rh8 Ke6 52. Rh6 Rg7 53. f5+ Kf7 54. f6 Rg8 55. Rh7+ Ke6 56. Re7+ Kd6 57. Rxb7 Bd8 58.
f7 Rh8 59. Bxd8 Rxd8 60. Kg5 Kc6 61. Ra7 Kd6 62. Kxg6 1-0

[Event "Early-Titled-Tuesday-Blitz-August-29-2023"]
[Site "Chess.com"]
[Date "2023.08.29"]
[Round "6"]
[White "Let_it_be_1"]
[Black "Arseniy_Nesterov"]
[Result "0-1"]
[WhiteElo "2634"]
[BlackElo "2884"]
[TimeControl "180+1"]
[EndTime "9:05:14 PDT"]
[Termination "Arseniy_Nesterov won by resignation"]

1. e4 e5 2. Nf3 Nc6 3. Bb5 a6 4.
Ba4 b5 5. Bb3 Na5 6. d4 exd4 7.
Nxd4 Bb7 8. Bd5 c6 9. Bb3 c5 10.
Nf5 c4 11. Nc3 g6 12. Nd6+ Bxd6 13. Qxd6 f6 14. Be3 Qb8 15. Qb6 Nc6 16. Nd5 Kf7 17. Nc7 Nge7 18. O-O-O cxb3 19. axb3 Rd8 20. h4 Nc8 21.
Qc5 Qxc7 22. h5 g5 23. Qd5+ Kf8 24. Qf5 Qe5 25. Qxh7 Qe7 26. Qh8+ Kf7 27. Qh7+ Ke8 28. h6 Qxh7 0-1

[Event "Early-Titled-Tuesday-Blitz-August-29-2023"]
[Site "Chess.com"]
[Date "2023.08.29"]
[Round "6"]
[White "Djager97"]
[Black "LangesNasenhaar"]
[Result "1-0"]
[WhiteElo "2607"]
[BlackElo "2464"]
[TimeControl "180+1"]
[EndTime "9:05:14 PDT"]
[Termination "Djager97 won by resignation"]

1. e4 g6 2. d4 Bg7 3. Nc3 c6 4.
f4 d5 5. e5 h5 6. Nf3 Bg4 7.
Be3 Nh6 8. h3 Nf5 9. Bf2 Bxf3 10. Qxf3 h4 11. Bd3 e6 12. O-O Bf8 13. Ne2 Be7 14. b3 a5 15. c4 Na6 16. c5 Nb4 17. Bxf5 gxf5 18. a3 Na6 19. b4 axb4 20.
axb4 Nc7 21. Nc3 Kd7 22. b5 Nxb5 23. Nxb5 cxb5 24. Qd3 Qc7 25. Rxa8 Rxa8 26. Rb1 Qc6 27. Rxb5 Ra6 28. Kh2 Kc7 29. Be1 Kc8 30. Ba5 Ra7 31. Bb6 Ra1 32. Rb1 Qa4 33. Rxa1 Qxa1 34. Qb5 1-0

[Event "Early-Titled-Tuesday-Blitz-August-29-2023"]
[Site "Chess.com"]
[Date "2023.08.29"]
[Round "6"]
[White "ljuks68"]
[Black "Caisachess"]
[Result "0-1"]
[WhiteElo "2442"]
[BlackElo "2336"]
[TimeControl "180+1"]
[EndTime "9:05:15 PDT"]
[Termination "Caisachess won on time"]

1. e4 e5 2. Nf3 Nc6 3. Bb5 f5 4. d3 fxe4 5. dxe4 Nf6 6. Nc3 Bb4 7. O-O Bxc3 8. bxc3 d6 9. Bc4 Bg4 10. Qd3 Qd7 11. a4 Na5 12. Ba2 Rf8 13. h3 Bh5 14.
Ng5 Bg6 15. Ne6 Rf7 16. f3 Re7 17. Qb5 Nc6 18. Bd5 Rb8 0-1

[Event "Early-Titled-Tuesday-Blitz-August-29-2023"]
[Site "Chess.com"]
[Date "2023.08.29"]
[Round "6"]
[White "whiteglovethief"]
[Black "ritanovikova"]
[Result "1-0"]
[WhiteElo "2410"]
[BlackElo "2152"]
[TimeControl "180+1"]
[EndTime "9:05:17 PDT"]
[Termination "whiteglovethief won on time"]

1. d4 d5 2. c4 e6 3. Nf3 Nf6 4. g3 Bb4+ 5. Bd2 Bxd2+ 6. Qxd2 dxc4 7. Qc2 Qd5 8. Bg2 Nc6 9. e3 O-O 10. O-O Nb4 11. Qc3 a5 12. Nfd2 Qh5 13. Nxc4 Nfd5 14. Qd2 b5 15. Ne5 Bb7 16. Rc1 Rac8 17. a3 f6 18. Nd7 Rf7 19. Nc5 Nf4 20. exf4 Bxg2 21. Kxg2 Nd5 22. Nc3 f5 23. Nxd5 exd5 24. Qxa5 Rf6 25.
Re1 Rh6 26. h4 Qg4 27. Rh1 Re8 28. Rae1 Rxe1 29. Rxe1 Rxh4 30. Qa8+ Kf7 31. Qe8+ 1-0

[Event "Early-Titled-Tuesday-Blitz-August-29-2023"]
[Site "Chess.com"]
[Date "2023.08.29"]
[Round "6"]
[White "ProfessorChess101"]
[Black "KononenkoD"]
[Result "0-1"]
[WhiteElo "2420"]
[BlackElo "2646"]
[TimeControl "180+1"]
[EndTime "9:05:20 PDT"]
[Termination "KononenkoD won by checkmate"]

1. c4 c5 2. Nf3 Nc6 3. g3 g6 4. d4 cxd4 5. Nxd4 Bg7 6. Nc2 Nf6 7. Bg2 O-O 8. O-O d6 9. Nc3 Be6 10. Ne3 Qd7 11. Ncd5 Bh3 12. Rb1 Bxg2 13. Kxg2 Rac8 14. b3 Nxd5 15. Nxd5 e6 16. Ne3 Rfd8 17. Bb2 d5 18. Bxg7 Kxg7 19. cxd5 exd5 20. Qd2 d4 21. Nc4 b5 22. Nb2 Qe7 23. Nd3 Ne5 24. Rfc1 Ng4 25. Re1 Qe4+ 26. Kg1 Qf5 27. Rbc1 h5 28. h4 Kh7 29.
Rxc8 Rxc8 30. Rc1 Re8 31. Rc7 b4 32. Qxb4 Rxe2 33. Qf8 Re1+ 34. Kg2 Ne3+ 35. Kh2 Qh3+ 36. Kxh3 Rh1# 0-1

[Event "Early-Titled-Tuesday-Blitz-August-29-2023"]
[Site "Chess.com"]
[Date "2023.08.29"]
[Round "6"]
[White "JiiHart"]
[Black "YellowJacek"]
[Result "0-1"]
[WhiteElo "2106"]
[BlackElo "2358"]
[TimeControl "180+1"]
[EndTime "9:05:21 PDT"]
[Termination "YellowJacek won by resignation"]

1. e4 c5 2. c3 Nf6 3. e5 Nd5 4. d4 cxd4 5. Nf3 Nc6 6. cxd4 d6 7. Nc3 Nxc3 8. bxc3 Bg4 9. exd6 Qxd6 10. Be2 e6 11. O-O Be7 12. a4 O-O 13. Ba3 Qd8 14. Bxe7 Nxe7 15.
Qb3 Qc7 16. a5 Nd5 17. Rfc1 Nf4 18. Bd1 Rfd8 19. Rcb1 Rab8 20. Ne5 Bxd1 21. Rxd1 Ne2+ 22. Kf1 Qxc3 23. Qxc3 Nxc3 24. Rd3 Nd5 25. Rb1 b5 26. Nc6 b4 27. Nxd8 Rxd8 28. g3 Rc8 29. Ke2 Rc2+ 30. Rd2 Nc3+ 31. Kd3 Rxd2+ 32. Kxd2 Nxb1+ 33. Kc2 Nc3 34. Kb3 Nd5 35. Kc4 Kf8 36. a6 Ke8 0-1

[Event "Early-Titled-Tuesday-Blitz-August-29-2023"]
[Site "Chess.com"]
[Date "2023.08.29"]
[Round "6"]
[White "Fan_Of_Chucky"]
[Black "Fh2411"]
[Result "1-0"]
[WhiteElo "2507"]
[BlackElo "2645"]
[TimeControl "180+1"]
[EndTime "9:05:22 PDT"]
[Termination "Fan_Of_Chucky won by checkmate"]

1. d4 Nf6 2. c4 c6 3. Nf3 d5 4.
g3 Bf5 5. Nc3 e6 6. Nh4 Bg4 7.
h3 Bh5 8. g4 Ne4 9. Nxe4 dxe4 10.
Qb3 b6 11. Ng2 Bg6 12. Nf4 Qxd4 13. Be3 Qe5 14. O-O-O Bc5 15. h4 f6 16. Bxc5 Qxf4+ 17. e3 Qc7 18. Bd6 Qb7 19. h5 Bf7 20. g5 Nd7 21. h6 gxh6 22. Rxh6 fxg5 23. c5 O-O-O 24. Qa4 b5 25. Qxe4 Bg6 26. Rxg6 hxg6 27. a4 Rh4 28. Qxe6 Rxa4 29. Bh3 Ra1+ 30. Kc2 Rxd1 31. Kxd1 Qa6 32. Be7 Qa1+ 33. Kc2 Qa4+ 34. Kd2 Qb4+ 35. Kd1 Qa4+ 36. Ke1 Qa1+ 37. Ke2 Qxb2+ 38. Kf1 Qh8 39. Qxc6+ Kb8 40.
Bd6# 1-0

[Event "Early-Titled-Tuesday-Blitz-August-29-2023"]
[Site "Chess.com"]
[Date "2023.08.29"]
[Round "6"]
[White "rezamahdavi2008"]
[Black "Anton_Demchenko"]
[Result "0-1"]
[WhiteElo "2752"]
[BlackElo "2932"]
[TimeControl "180+1"]
[EndTime "9:05:23 PDT"]
[Termination "Anton_Demchenko won by resignation"]

1. e4 e5 2. Nf3 Nc6 3. Nc3 Nf6 4. d4 exd4 5. Nxd4 Bb4 6. Nxc6 bxc6 7. Bd3 Qe7 8. Qe2 d6 9. Bg5 h6 10. Bh4 Bc5 11.
Rd1 Rb8 12. O-O g5 13. Bg3 Bg4 14. Qd2 Bxd1 15. Rxd1 Nh5 16. Na4 Bd4 17. e5 Nxg3 18.
exd6 Qxd6 19. Re1+ Kf8 20. hxg3 Kg7 21. Kh2 Rhe8 22. Rxe8 Rxe8 23. Nc3 Qb4 24. Qd1 Bxc3 25. bxc3 Qxc3 26. Qf3 Qf6 27. Bf5 Re5 28. g4 Qd6 29. g3 Qd4 30. Bd3 Qd5 31. Qd1 c5 32. Qf1 Qd4 33. Kh3 a5 34. a3 h5 35. gxh5 g4+ 36.
Kg2 Qd5+ 37. Kg1 Rxh5 38. Qg2 Qxg2+ 39. Kxg2 Re5 0-1

[Event "Early-Titled-Tuesday-Blitz-August-29-2023"]
[Site "Chess.com"]
[Date "2023.08.29"]
[Round "6"]
[White "GMForgacs"]
[Black "DKmirl"]
[Result "1-0"]
[WhiteElo "2437"]
[BlackElo "2253"]
[TimeControl "180+1"]
[EndTime "9:05:23 PDT"]
[Termination "GMForgacs won on time"]

1. e4 c5 2. Nf3 Nc6 3. d4 cxd4 4. Nxd4 Nf6 5. Nc3 e5 6. Ndb5 d6 7. Nd5 Nxd5 8. exd5 Nb8 9. a4 Be7 10. Be2 O-O 11. O-O f5 12. f4 e4 13. Be3 Bf6 14. c3 a6 15. Na3 Nd7 16. Nc4 Nc5 17.
a5 Kh8 18. b4 Bxc3 19. bxc5 Bxa1 20. Qxa1 dxc5 21. d6 Be6 22. Nb6 Rb8 23. Bxc5 Rf7 24.
Qe5 Bd7 25. Bc4 Rf6 26. Qe7 Bc6 27. Bd4 Rg6 28. Bf7 Qxd6 29. Qxd6 Rxd6 30. Be5 Rd2 31. Bxb8 e3 32. Re1 Rxg2+ 33. Kf1 Rxh2 34. Rxe3 Bb5+ 35. Kg1 1-0

[Event "Early-Titled-Tuesday-Blitz-August-29-2023"]
[Site "Chess.com"]
[Date "2023.08.29"]
[Round "6"]
[White "MrAnnihilation"]
[Black "cycygogne"]
[Result "1-0"]
[WhiteElo "2437"]
[BlackElo "2240"]
[TimeControl "180+1"]
[EndTime "9:05:25 PDT"]
[Termination "MrAnnihilation won by resignation"]

1. e4 e5 2. Nf3 Nc6 3. Bc4 Bc5 4. d3 Nf6 5. Nc3 d6 6. Be3 Bb6 7. a4 O-O 8. O-O Be6 9. Re1 Bxe3 10. fxe3 Bxc4 11.
dxc4 Nd7 12. b3 Kh8 13. Rf1 f5 14. exf5 Rxf5 15. Nd2 Qf6 16. Nde4 Qg6 17. Rxf5 Qxf5 18. Qf3 Qg6 19. Rf1 h6 20. Qh3 Nf6 21. Nxf6 gxf6 22. Nd5 Rf8 23. Nxc7 f5 24. Nd5 Qg5 25. Rf2 Nd8 26.
Qf3 Ne6 27. Nc3 f4 28. Ne4 Qg6 29. exf4 Nxf4 30. Kh1 Ne6 31. Qe3 Rxf2 32. Nxf2 Qxc2 33. Qxh6+ Kg8 34. Qxe6+ Kg7 35. Qd7+ Kg6 36. Qxd6+ Kg7 37. Qxe5+ 1-0

[Event "Early-Titled-Tuesday-Blitz-August-29-2023"]
[Site "Chess.com"]
[Date "2023.08.29"]
[Round "6"]
[White "Chessmissile07"]
[Black "nitpicker"]
[Result "1-0"]
[WhiteElo "2818"]
[BlackElo "2303"]
[TimeControl "180+1"]
[EndTime "9:05:27 PDT"]
[Termination "Chessmissile07 won on time"]

1. e4 c5 2. Nc3 Nc6 3. Bb5 Nd4 4. Bc4 a6 5. Nf3 g6 6. Nxd4 cxd4 7. Ne2 Bg7 8. d3 d6 9. O-O Nf6 10. Nxd4 d5 11.
exd5 Nxd5 12. Nf3 b5 13. Bb3 Bb7 14. a4 b4 15. Re1 O-O 16. Qe2 Re8 17. Ne5 Qc7 18.
Nxf7 e6 19. Ng5 Qd6 20. Ne4 Qc7 21.
a5 Bc6 22. Ng5 Qd6 23. Bc4 Re7 24. Ne4 Qc7 25. Bg5 Ree8 26. Nc5 Qd6 27. Ne4 Qc7 28.
Ra2 h6 29. Bh4 Kh7 30. Bg3 Qe7 31. Qd2 Rad8 32. Bxa6 Rf8 33. Bc4 g5 34. a6 Nf4 35.
f3 Ra8 36. Bxf4 gxf4 37. Nf2 Bd4 38. Rxe6 1-0

[Event "Early-Titled-Tuesday-Blitz-August-29-2023"]
[Site "Chess.com"]
[Date "2023.08.29"]
[Round "6"]
[White "jimmy-schlumpf"]
[Black "thedjoker98"]
[Result "0-1"]
[WhiteElo "2393"]
[BlackElo "2570"]
[TimeControl "180+1"]
[EndTime "9:05:28 PDT"]
[Termination "thedjoker98 won by resignation"]

1. d4 d5 2. Nf3 Nf6 3. c4 c6 4.
Qb3 dxc4 5. Qxc4 Bg4 6. Nc3 Nbd7 7. Bf4 Bxf3 8. gxf3 Qa5 9. e3 e5 10. dxe5 Nxe5 11. Bxe5 Qxe5 12. f4 Qc5 13. Rd1 Qxc4 14. Bxc4 Bb4 15. Rc1 Ke7 16. a3 Ba5 17. Ke2 Rad8 18.
b4 Bc7 19. Rhd1 Rxd1 20. Rxd1 Rd8 21. Rxd8 Bxd8 22. Kf3 h6 23. Ne4 Nd5 24. f5 Bc7 25. h3 Be5 26. Nc5 b6 27. Nd3 Bc3 28. b5 Kd6 29. bxc6 Kxc6 30. a4 f6 31. h4 Ne7 32.
Be6 Kd6 33. Ke4 g5 34. hxg5 hxg5 35. Kf3 Nd5 36. Kg4 Ba5 37. Kh5 Nc3 38. Bb3 Ne4 39. Kg6 Ke7 40. f3 Nd2 41. f4 Nxb3 42. fxg5 Bc3 43.
gxf6+ Bxf6 44. e4 Nc5 45. e5 Nxd3 46. exf6+ Kf8 47. f7 Nc5 48. Kf6 Nxa4 49. Ke6 b5 0-1

[Event "Early-Titled-Tuesday-Blitz-August-29-2023"]
[Site "Chess.com"]
[Date "2023.08.29"]
[Round "6"]
[White "LUISMIGUELOV"]
[Black "TosicSrecko"]
[Result "0-1"]
[WhiteElo "2110"]
[BlackElo "2307"]
[TimeControl "180+1"]
[EndTime "9:05:28 PDT"]
[Termination "TosicSrecko won by checkmate"]

1. e4 e6 2. b3 d5 3. Bb2 Nf6 4. e5 Ng8 5. f4 c5 6. Nf3 Nc6 7. c4 Nh6 8. cxd5 exd5 9. Bd3 Bf5 10. Qe2 Be7 11. O-O O-O 12. Nc3 Nb4 13. Bxf5 Nxf5 14. d3 Re8 15. a3 Nc6 16. Rad1 Ncd4 17.
Nxd4 Nxd4 18. Qg4 f5 19. Qh3 Qd7 20. b4 cxb4 21. axb4 Bxb4 22. Nxd5 Qxd5 23. Kh1 g6 24. Rb1 Bc5 25. Qh6 Bf8 26. Qh4 Ne6 27. d4 a5 28.
h3 a4 29. Ra1 a3 30. Bc3 b5 31.
Rfb1 a2 32. Rb2 Rec8 33. Bb4 Bxb4 34. Rxb4 Rc2 35. Kh2 Qxg2# 0-1

[Event "Early-Titled-Tuesday-Blitz-August-29-2023"]
[Site "Chess.com"]
[Date "2023.08.29"]
[Round "6"]
[White "FontVella8"]
[Black "JoliyRoger"]
[Result "1-0"]
[WhiteElo "2651"]
[BlackElo "2498"]
[TimeControl "180+1"]
[EndTime "9:05:30 PDT"]
[Termination "FontVella8 won on time"]

1. e4 c6 2. Nc3 d5 3. d4 dxe4 4.
Nxe4 Bf5 5. Ng3 Bg6 6. N1e2 e6 7. Nf4 Bd6 8. Ngh5 Bf8 9. Bc4 Nf6 10. Ng3 Bd6 11. c3 Nbd7 12. Qf3 Nb6 13. Bb3 Bxf4 14. Bxf4 Nbd5 15. Be5 O-O 16. O-O Nd7 17. Rfe1 Nxe5 18. Rxe5 a5 19. Rae1 Nf6 20. h4 h6 21. h5 Bh7 22.
Bc4 b5 23. Bd3 Bxd3 24. Qxd3 b4 25. Qc4 Qb6 26. Rc5 Rac8 27. Ne4 Nd7 28. Nd6 Rc7 29. Re3 bxc3 30. bxc3 Nxc5 31. dxc5 Qb1+ 32. Kh2 Rd8 33. Rg3 Rdd7 34. Ne8 1-0